[Event "Titled Tuesday Blitz March 07 Late 2023"]
[White "Ramirez, Maria Eugenia"]
[Black "Ricaurte Lopez, Juan Carlos"]
[WhiteFideId "3301680"]
[BlackFideId "3600327"]
[WhiteElo "1842"]
[BlackElo "2209"]
[Result "0-1"]
[Round "11"]
[TimeControl "180+2"]
[Date "2023.03.07"]
[WhiteClock "0:00:01"]
[BlackClock "0:01:10"]

1. e4 e5 2. Nf3 Nf6 3. Nc3 Nc6 4. Bb5 Bc5 5. Nxe5 Nd4 6. Bc4 O-O 7. Nd3 Bb6 8. O-O Nxe4 9. Bxf7+ Rxf7 10. Nxe4 d5 11. Nec5 Qh4 12. f3 Bf5 13. Kh1 Re8 14. g3 Qf6 15. c3 Bxc5 16. Nxc5 Bc2 17. d3 Bxd1 18. Bf4 Bxf3+ 19. Kg1 Be2 20. Rf2 g5 21. Be3 Nf3+ 22. Kg2 Rxe3 23. Kh1 g4 24. d4 Bc4 25. b3 Bb5 26. a4 Bc6 27. b4 Rxc3 28. Raf1 Qxd4 29. a5 Qxb4 0-1


[Site "https://www.chess.com"]

[Event "Titled Tuesday Blitz March 07 Late 2023"]
[White "Karttunen, Mika"]
[Black "Vargas Rodriguez, Wilver"]
[WhiteFideId "502081"]
[BlackFideId "3509672"]
[WhiteElo "2396"]
[BlackElo "2238"]
[Result "1-0"]
[Round "11"]
[TimeControl "180+2"]
[Date "2023.03.07"]
[WhiteClock "0:00:06"]
[BlackClock "0:00:01"]

1. d4 Nf6 2. c4 e6 3. Nc3 Bb4 4. e3 O-O 5. Bd3 c5 6. Nf3 Bxc3+ 7. bxc3 b6 8. e4 Ne8 9. e5 f5 10. exf6 Nxf6 11. O-O Bb7 12. Re1 Qc7 13. Ne5 Nc6 14. Bb2 d6 15. Nf3 Rae8 16. Ng5 e5 17. d5 Nd8 18. Qc2 g6 19. f3 Qe7 20. Bc1 Bc8 21. Bd2 Nf7 22. Ne4 Nxe4 23. Bxe4 Ng5 24. Bd3 Bf5 25. Kh1 Bxd3 26. Qxd3 Nf7 27. Re2 Qf6 28. Rae1 Kg7 29. h3 Qd8 30. Re4 Nh6 31. Kh2 Nf5 32. g3 h6 33. Kg2 Re7 34. h4 Ref7 35. Rg4 Kh7 36. h5 gxh5 37. Rh4 Rg8 38. Rh3 Qf6 39. Reh1 Qg6 40. Kf2 h4 41. g4 Ng3 42. Qxg6+ Rxg6 43. R1h2 Ne4+ 44. Ke2 Nxd2 45. Kxd2 Kg7 46. Ke3 Rf4 47. Rxh4 Rxc4 48. Kd3 Rf4 49. Ke3 Rc4 50. Kd3 Rf4 51. R4h3 Ra4 52. Rf2 b5 53. Ke3 Ra3 54. Ke4 Rf6 55. f4 Ra4+ 56. Ke3 1-0


[Site "https://www.chess.com"]

[Event "Titled Tuesday Blitz March 07 Late 2023"]
[White "Kohler, Aran"]
[Black "Pinheiro, Iung Alicio de O."]
[WhiteFideId "1002856"]
[BlackFideId "2104350"]
[WhiteElo "2242"]
[BlackElo "2283"]
[Result "0-1"]
[Round "11"]
[TimeControl "180+2"]
[Date "2023.03.07"]
[WhiteClock "0:00:02"]
[BlackClock "0:00:04"]

1. Nf3 c5 2. e4 Nc6 3. Bb5 g6 4. O-O Bg7 5. Re1 Nf6 6. Bxc6 dxc6 7. e5 Nd5 8. h3 O-O 9. d3 Nc7 10. Nbd2 Ne6 11. a4 a5 12. Ne4 b6 13. Ned2 Ra7 14. b3 f6 15. Bb2 Nd4 16. Bxd4 cxd4 17. Nc4 c5 18. Qe2 f5 19. e6 Bb7 20. Nfe5 Bd5 21. Nd7 Rxd7 22. exd7 Rf7 23. Nd6 Rf8 24. Nc4 Bf6 25. Ne5 Kg7 26. f4 Qc7 27. Kh2 Rd8 28. g3 Bc6 29. Nxc6 Qxc6 30. Qe6 Qc7 31. Re2 Rxd7 32. Rae1 Rd6 33. Qc4 Qd7 34. h4 h6 35. Re6 g5 36. Rxd6 Qxd6 37. Re6 Qc7 38. fxg5 hxg5 39. h5 f4 40. Re2 fxg3+ 41. Kg2 Qf4 42. Qe6 g4 43. Qe4 Qg5 44. Qg6+ Qxg6 45. hxg6 Kxg6 46. Kxg3 Kg5 47. Re6 Kf5 48. Re4 Be5+ 49. Kh4 g3 50. Kh3 e6 51. Kg2 Bd6 52. Kf3 Be5 53. Rg4 Bd6 54. Rg8 Ke5 55. Kxg3 Kd5+ 56. Kf3 Bc7 57. Rc8 Kd6 58. Ke4 Kd7 59. Rh8 Kc6 60. Rh7 Kd6 61. Rg7 Bd8 62. Rg6 Bc7 63. Kf4 Bd8 64. Kg4 Bc7 65. Rg5 Bd8 66. Rh5 Bc7 67. Kg5 Ke5 68. Kg6+ Kf4 69. Kf6 Ke3 70. Kxe6 Kd2 71. Rh7 Bf4 72. Rb7 Kxc2 73. Rxb6 Kxd3 74. Kd5 Kc3 75. Kxc5 d3 76. Rc6 d2 77. Kb5+ Kd3 78. Rc8 Be3 79. Kxa5 d1=Q 80. b4 Qd2 81. Rd8+ Bd4 82. Rd5 Qh6 83. b5 Qb6+ 84. Kb4 Ke4 85. Rh5 Qd6+ 86. Kc4 Qe6+ 87. Kb4 Qe7+ 0-1


[Site "https://www.chess.com"]

[Event "Titled Tuesday Blitz March 07 Late 2023"]
[White "Kraus, Tomas"]
[Black "Antonova, Nadezhda"]
[WhiteFideId "331708"]
[BlackFideId "14700182"]
[WhiteElo "2389"]
[BlackElo "1885"]
[Result "1-0"]
[Round "11"]
[TimeControl "180+2"]
[Date "2023.03.07"]
[WhiteClock "0:00:14"]
[BlackClock "0:00:06"]

1. e4 c6 2. d4 d5 3. f3 e6 4. Nc3 Bb4 5. Be3 dxe4 6. Qd2 Nf6 7. Bg5 exf3 8. Nxf3 O-O 9. O-O-O Qa5 10. Bxf6 gxf6 11. Bd3 Bxc3 12. bxc3 Kg7 13. Qf4 Na6 14. Qg3+ Kh8 15. Qh4 f5 16. Qf6+ Kg8 17. Bxa6 bxa6 18. Rd3 Qd8 19. Qh6 Qe7 20. Ne5 f6 21. Rg3+ Kh8 22. Ng6+ 1-0


[Site "https://www.chess.com"]

[Event "Titled Tuesday Blitz March 07 Late 2023"]
[White "Carrasco Miranda, Andres"]
[Black "Gamage, Wanshini Vidusama"]
[WhiteFideId "3405990"]
[BlackFideId "9953752"]
[WhiteElo "2183"]
[BlackElo "2201"]
[Result "1-0"]
[Round "11"]
[TimeControl "180+2"]
[Date "2023.03.07"]
[WhiteClock "0:00:57"]
[BlackClock "0:00:28"]

1. d4 Nf6 2. c4 g6 3. g3 c6 4. Bg2 d5 5. Qa4 dxc4 6. Qxc4 Bg7 7. Nf3 O-O 8. O-O Nbd7 9. Nc3 Nb6 10. Qb3 Be6 11. Qc2 Bd5 12. e3 Rc8 13. Rd1 Re8 14. a4 a5 15. e4 Bc4 16. b3 Ba6 17. h3 h5 18. Be3 Qc7 19. Ng5 e5 20. dxe5 Qxe5 21. Nxf7 Kxf7 22. Bxb6 Nd7 23. Rxd7+ Re7 24. Rxe7+ Kxe7 25. Rc1 Bh6 26. Rd1 Bg7 27. Nd5+ Kf7 28. Bd4 Qe6 29. Nf4 1-0


[Site "https://www.chess.com"]

[Event "Titled Tuesday Blitz March 07 Late 2023"]
[White "Bogaudinov, Rushan"]
[Black "Jesusesmifuerza"]
[WhiteFideId "4129288"]
[WhiteElo "1949"]
[BlackElo "2079"]
[Result "1-0"]
[Round "11"]
[TimeControl "180+2"]
[Date "2023.03.07"]
[WhiteClock "0:00:42"]
[BlackClock "0:00:01"]

1. a3 d5 2. d4 Nc6 3. e3 Bf5 4. c4 e6 5. Nc3 Nf6 6. Nf3 Be7 7. b4 dxc4 8. Bxc4 Ne4 9. Bb2 O-O 10. O-O Bf6 11. Qb3 Ne7 12. Rfd1 c6 13. a4 Nd5 14. Ne2 Nd6 15. Ng3 Nxc4 16. Qxc4 Bg4 17. b5 Nb6 18. Qb3 cxb5 19. axb5 Qd5 20. Qxd5 exd5 21. Ba3 Rfc8 22. Bc5 Nc4 23. Rxa7 Rxa7 24. Bxa7 b6 25. Ra1 Ra8 26. h3 Bxf3 27. gxf3 Be7 28. Ra6 Bd8 29. Ne2 Nd6 30. Nc3 Rc8 31. Nxd5 Nxb5 32. Bxb6 Bh4 33. Bc5 h6 34. f4 Nc7 35. Nxc7 Rxc7 36. Ra8+ Kh7 37. Ra7 Rxa7 38. Bxa7 f5 39. f3 Kg8 40. e4 Kf7 41. d5 g5 42. fxg5 hxg5 43. e5 1-0


[Site "https://www.chess.com"]

[Event "Titled Tuesday Blitz March 07 Late 2023"]
[White "Grycel, Kamil"]
[Black "Ardila, Oscar Humberto"]
[WhiteFideId "1115499"]
[BlackFideId "4404742"]
[WhiteElo "2452"]
[BlackElo "1911"]
[Result "1-0"]
[Round "11"]
[TimeControl "180+2"]
[Date "2023.03.07"]
[WhiteClock "0:00:35"]
[BlackClock "0:00:18"]

1. b3 Nf6 2. Bb2 e6 3. f4 Be7 4. e3 O-O 5. Nf3 d6 6. Be2 c5 7. O-O Nc6 8. c4 d5 9. Ne5 d4 10. Nxc6 bxc6 11. Bf3 Bb7 12. Qe2 Qd7 13. e4 Rad8 14. d3 Qc7 15. e5 Ne8 16. Nd2 Bc8 17. Qe4 Bd7 18. Qe2 f5 19. exf6 Nxf6 20. g3 Rde8 21. Rae1 Bd6 22. Ne4 e5 23. Nxd6 Qxd6 24. fxe5 Qc7 25. Bc1 Bh3 26. Rf2 Nd7 27. Bf4 Qa5 28. Bxc6 Re7 29. Bd5+ Kh8 30. Bg2 Bxg2 31. Kxg2 Rfe8 32. Qd2 Nf8 33. Qxa5 1-0


[Site "https://www.chess.com"]

[Event "Titled Tuesday Blitz March 07 Late 2023"]
[White "Marcolino, Daniel Mattos"]
[Black "Estrada Nieto, Julian"]
[WhiteFideId "2106841"]
[BlackFideId "5101018"]
[WhiteElo "2117"]
[BlackElo "2176"]
[Result "0-1"]
[Round "11"]
[TimeControl "180+2"]
[Date "2023.03.07"]
[WhiteClock "0:00:01"]
[BlackClock "0:01:24"]

1. d4 Nf6 2. Nf3 e6 3. c4 c5 4. d5 exd5 5. cxd5 d6 6. Nc3 g6 7. g3 Bg7 8. Bg2 O-O 9. O-O a6 10. a4 Re8 11. Bf4 Ne4 12. Nxe4 Rxe4 13. Qc2 Bf5 14. Qd2 Rb4 15. Ra2 Qe7 16. Bg5 Qe8 17. Re1 Nd7 18. Nh4 Nb6 19. Nxf5 gxf5 20. Bh6 Qe5 21. Qg5 Qf6 22. Qxg7+ Qxg7 23. Bxg7 Kxg7 24. e4 Re8 25. a5 Nc4 26. Re2 fxe4 27. Bxe4 Nxa5 28. Rxa5 Rbxe4 29. Rc2 Re2 30. Rxe2 Rxe2 31. Ra2 Rd2 32. Kf1 c4 0-1


[Site "https://www.chess.com"]

[Event "Titled Tuesday Blitz March 07 Late 2023"]
[White "Pasti, Aron"]
[Black "Von Buelow, Georg"]
[WhiteFideId "785857"]
[BlackFideId "4620658"]
[WhiteElo "2173"]
[BlackElo "2115"]
[Result "0-1"]
[Round "11"]
[TimeControl "180+2"]
[Date "2023.03.07"]
[WhiteClock "0:01:32"]
[BlackClock "0:00:37"]

1. e4 c5 2. d4 cxd4 3. c3 Nf6 4. e5 Nd5 5. cxd4 d6 6. Nc3 Nxc3 7. bxc3 dxe5 8. dxe5 Qxd1+ 9. Kxd1 Nc6 10. Bb5 Bd7 11. Nf3 Nxe5 12. Nxe5 Bxb5 13. c4 Bc6 14. Nxc6 bxc6 15. Kc2 e6 16. Rd1 Bc5 17. f3 Ke7 18. Bf4 Rhd8 19. Rab1 Rxd1 20. Kxd1 Rd8+ 21. Ke2 Bb6 22. Be3 c5 23. a4 Rc8 24. a5 Bxa5 25. Rb7+ Rc7 26. Bxc5+ Kd7 27. Rb5 Bb6 28. Bxb6 axb6 29. Kd3 Kc6 30. Rg5 g6 31. Rg4 Ra7 32. Rh4 h5 33. Rf4 f5 34. h3 e5 35. Rh4 Ra3+ 36. Ke2 Ra2+ 37. Kf1 Rc2 38. g3 Kc5 39. f4 Rxc4 40. fxe5 Rxh4 41. gxh4 Kd5 42. Kf2 Kxe5 43. Ke3 f4+ 44. Kf3 Kf5 45. Kf2 Ke4 46. Ke2 f3+ 47. Kf2 Kf4 48. Kf1 Kg3 49. Kg1 b5 50. Kf1 b4 51. Ke1 b3 52. Kd2 Kxh4 53. Ke3 Kg3 0-1


[Site "https://www.chess.com"]

[Event "Titled Tuesday Blitz March 07 Late 2023"]
[White "Hartikainen, Jarmo"]
[Black "Smith, Garrett L"]
[WhiteFideId "503134"]
[BlackFideId "2024829"]
[WhiteElo "2190"]
[BlackElo "2254"]
[Result "0-1"]
[Round "11"]
[TimeControl "180+2"]
[Date "2023.03.07"]
[WhiteClock "0:00:02"]
[BlackClock "0:00:30"]

1. e4 c5 2. c3 d5 3. exd5 Qxd5 4. d4 Nc6 5. Nf3 Bf5 6. Na3 cxd4 7. Nb5 O-O-O 8. cxd4 e5 9. Be3 exd4 10. Bxd4 Bb4+ 11. Bc3 Re8+ 12. Be2 Bd3 13. O-O Rxe2 14. Bxb4 Qxb5 15. Rc1 Re6 16. Nd4 Qxb4 17. Nxe6 fxe6 18. Qxd3 Nf6 19. Rfe1 Rd8 20. Qh3 Kb8 21. Qxe6 Re8 22. Qxe8+ Nxe8 23. Rxe8+ Kc7 24. Ree1 Qxb2 25. a4 a5 26. h3 Qb4 0-1


[Site "https://www.chess.com"]

[Event "Titled Tuesday Blitz March 07 Late 2023"]
[White "Souza, Gustavo Horokoski De"]
[Black "olga-belka"]
[WhiteFideId "2146584"]
[WhiteElo "1859"]
[BlackElo "2232"]
[Result "1-0"]
[Round "11"]
[TimeControl "180+2"]
[Date "2023.03.07"]
[WhiteClock "0:00:09"]
[BlackClock "0:00:59"]

1. d4 Nf6 2. c4 g6 3. Nc3 d5 4. Nf3 Bg7 5. Bf4 O-O 6. e3 c5 7. dxc5 Qa5 8. Rc1 Ne4 9. cxd5 Nxc3 10. Qd2 Qxa2 11. Rxc3 Bxc3 12. Qxc3 f6 13. d6 Qb1+ 14. Kd2 Qe4 15. Bd3 Qc6 16. dxe7 Re8 17. Bd6 Kg7 18. h4 Bg4 19. h5 gxh5 20. Nd4 Qxg2 21. Rh2 Qg1 22. Bc2 Rxe7 23. Bxe7 Qxh2 24. Qd3 Qxf2+ 25. Kc3 f5 26. Ne6+ Kf7 27. Ng5+ Kxe7 28. Qd6+ Ke8 29. Qe6+ Kd8 30. Nf7+ Kc7 31. Qd6+ 1-0


[Site "https://www.chess.com"]

[Event "Titled Tuesday Blitz March 07 Late 2023"]
[White "Rodriguez Santiago, Jaime"]
[Black "Vargas Pereda, Jesus Manue"]
[WhiteFideId "3100898"]
[BlackFideId "5115710"]
[WhiteElo "2025"]
[BlackElo "1914"]
[Result "1-0"]
[Round "11"]
[TimeControl "180+2"]
[Date "2023.03.07"]
[WhiteClock "0:02:13"]
[BlackClock "0:01:49"]

1. c4 Nf6 2. Nc3 b6 3. e4 Bb7 4. d3 e6 5. Nge2 Bb4 6. g3 O-O 7. Bg2 d5 8. e5 Nfd7 9. O-O Bxc3 10. Nxc3 Nxe5 11. cxd5 exd5 12. d4 Ng6 13. f4 Na6 14. f5 Ne7 15. f6 Ng6 16. fxg7 Kxg7 17. Be3 c5 18. Qd2 Re8 19. Bh6+ Kg8 20. Qf2 Qd7 21. Qf6 1-0


[Site "https://www.chess.com"]

[Event "Titled Tuesday Blitz March 07 Late 2023"]
[White "Curtis, John"]
[Black "Needleman, Gaston"]
[WhiteFideId "3200256"]
[BlackFideId "113735"]
[WhiteElo "2203"]
[BlackElo "2224"]
[Result "1-0"]
[Round "11"]
[TimeControl "180+2"]
[Date "2023.03.07"]
[WhiteClock "0:01:58"]
[BlackClock "0:02:35"]

1. e4 c5 2. Nf3 Nc6 3. d4 cxd4 4. c3 e6 5. cxd4 d5 6. Nc3 dxe4 7. Nxe4 Nf6 8. Nxf6+ gxf6 9. Bd3 Bb4+ 10. Bd2 Bxd2+ 11. Qxd2 Bd7 12. Rd1 Qb6 13. Bc4 O-O-O 14. O-O Rhg8 15. d5 Ne5 16. Nxe5 fxe5 17. Qc3 f6 18. dxe6 Bc6 19. Bd5 Kb8 20. Bxc6 Qxc6 21. Qxc6 bxc6 22. f4 exf4 23. Rxd8+ Rxd8 24. Rxf4 Kc7 25. Rxf6 Rd1+ 26. Rf1 Rd2 27. Rf7+ Kb6 28. e7 Re2 29. Kf1 Re6 30. g4 a5 31. h4 Rxe7 32. Rxe7 1-0


[Site "https://www.chess.com"]

[Event "Titled Tuesday Blitz March 07 Late 2023"]
[White "Skaric, Djuro"]
[Black "Bongo Akanga Ndjila, Barthelemy"]
[WhiteFideId "934569"]
[BlackFideId "10609431"]
[WhiteElo "2282"]
[BlackElo "1768"]
[Result "0-1"]
[Round "11"]
[TimeControl "180+2"]
[Date "2023.03.07"]
[WhiteClock "0:00:09"]
[BlackClock "0:01:04"]

1. g3 d5 2. Bg2 c5 3. d3 Nc6 4. Nf3 e5 5. O-O Be7 6. Nc3 Nf6 7. e4 d4 8. Ne2 O-O 9. h3 Ne8 10. Ne1 f6 11. f4 g5 12. f5 h5 13. g4 h4 14. Nf3 Ng7 15. Bd2 b5 16. Qe1 c4 17. Nxh4 gxh4 18. Qxh4 Qe8 19. Qg3 a5 20. Bf3 cxd3 21. cxd3 Bb4 22. Bc1 Bc5 23. g5 fxg5 24. Bxg5 Nb4 25. Bg4 Ra6 26. f6 Nh5 27. Bxh5 Qxh5 28. Bh6+ Kf7 29. Qg7+ Ke6 30. Rac1 Nxd3 31. Rxc5 Rf7 32. Qg4+ Qxg4+ 33. hxg4 Nxc5 34. g5 Nxe4 35. Rc1 Bb7 36. g6 Rxf6 37. g7 Rg6+ 38. Kf1 Bd5 39. Ng1 Kf5 40. Nh3 Rxh6 41. g8=Q Bxg8 42. Rc8 Bc4+ 0-1


[Site "https://www.chess.com"]

[Event "Titled Tuesday Blitz March 07 Late 2023"]
[White "Desideri, Ricardo Maruchi"]
[Black "Floresvillar Gonzalez, Luis Migu"]
[WhiteFideId "2110440"]
[BlackFideId "5100542"]
[WhiteElo "1945"]
[BlackElo "2040"]
[Result "0-1"]
[Round "11"]
[TimeControl "180+2"]
[Date "2023.03.07"]
[WhiteClock "0:00:08"]
[BlackClock "0:00:16"]

1. e4 d6 2. d4 Nc6 3. Nc3 e5 4. Nge2 exd4 5. Nxd4 Bd7 6. Be3 Nf6 7. f3 Be7 8. Qd2 Nxd4 9. Bxd4 a6 10. a4 O-O 11. h4 Nh5 12. Bf2 c6 13. g4 Nf6 14. h5 b5 15. g5 Ne8 16. Be3 b4 17. Ne2 d5 18. Ng3 dxe4 19. Nxe4 Qc7 20. O-O-O Rd8 21. Qg2 c5 22. Bc4 Be6 23. Rxd8 Qxd8 24. Bxe6 fxe6 25. h6 Rf5 26. hxg7 Nxg7 27. Qh3 h5 28. gxh6 Rh5 29. Qg2 Rxh1+ 30. Qxh1 Nf5 31. Qg2+ Kh8 32. Qg6 Qg8 33. Qxe6 Qxe6 0-1


[Site "https://www.chess.com"]

[Event "Titled Tuesday Blitz March 07 Late 2023"]
[White "Vargas, Mauricio"]
[Black "Kho, Darrell"]
[WhiteFideId "4404572"]
[BlackFideId "1019317"]
[WhiteElo "2025"]
[BlackElo "2161"]
[Result "0-1"]
[Round "11"]
[TimeControl "180+2"]
[Date "2023.03.07"]
[WhiteClock "0:02:25"]
[BlackClock "0:00:49"]

1. e4 e6 2. f4 d5 3. e5 c5 4. Nf3 Nc6 5. Bb5 Bd7 6. Bxc6 Bxc6 7. O-O Nh6 8. h3 Nf5 9. g4 Nh4 10. Qe1 Nxf3+ 11. Rxf3 d4 12. Rf1 Qd5 13. Qg3 d3 14. Nc3 Qd4+ 15. Kh2 O-O-O 16. b3 h5 17. g5 dxc2 18. Qe3 Qxe3 19. dxe3 Rd3 20. Bb2 Rd2+ 21. Kg3 h4+ 22. Kg4 Rg2# 0-1


[Site "https://www.chess.com"]

[Event "Titled Tuesday Blitz March 07 Late 2023"]
[White "Gamboa, Juan Pablo"]
[Black "Manu_ChessExcelsior"]
[WhiteFideId "105180"]
[WhiteElo "1871"]
[BlackElo "1987"]
[Result "1/2-1/2"]
[Round "11"]
[TimeControl "180+2"]
[Date "2023.03.07"]
[WhiteClock "0:01:18"]
[BlackClock "0:00:21"]

1. c4 e6 2. e4 d5 3. exd5 exd5 4. cxd5 Qxd5 5. Nc3 Qd8 6. Nf3 Nf6 7. Bc4 Be7 8. O-O O-O 9. d4 Bg4 10. Be3 Nbd7 11. h3 Bh5 12. Rc1 Nb6 13. Be2 c6 14. Ne5 Bxe2 15. Qxe2 Re8 16. Rfd1 Nbd5 17. Nxd5 Nxd5 18. Qf3 Bf6 19. Ng4 Qd6 20. Nxf6+ Qxf6 21. Qxf6 Nxf6 22. Bf4 Nd5 23. Bd2 Re2 24. Kf1 Rae8 25. Re1 Rxe1+ 26. Rxe1 Kf8 27. Rxe8+ Kxe8 28. Ke2 Kd7 29. Kd3 Ke6 30. g4 f5 31. f3 b5 32. a3 g6 33. h4 Nb6 34. b3 Kd5 35. h5 Nc8 36. Bb4 Nb6 37. Bc5 Nc8 38. Ke3 a5 39. Kf4 fxg4 40. fxg4 a4 41. bxa4 bxa4 42. hxg6 hxg6 43. Kg5 Nd6 44. Bxd6 Kxd6 45. Kxg6 Kd5 46. Kf7 Kxd4 47. g5 c5 48. g6 c4 49. g7 c3 50. g8=Q c2 51. Qg1+ Kc3 52. Qc1 Kb3 53. Ke6 Ka2 54. Kd5 Kb3 55. Kd4 Ka2 56. Qxc2+ Kxa3 57. Qb1 1/2-1/2


[Site "https://www.chess.com"]

[Event "Titled Tuesday Blitz March 07 Late 2023"]
[White "Winkels, Marcel"]
[Black "Sailer, Mike"]
[WhiteFideId "1003887"]
[BlackFideId "2012901"]
[WhiteElo "1900"]
[BlackElo "2109"]
[Result "1-0"]
[Round "11"]
[TimeControl "180+2"]
[Date "2023.03.07"]
[WhiteClock "0:00:04"]
[BlackClock "0:00:02"]

1. e4 d5 2. exd5 Qxd5 3. Nc3 Qd6 4. d4 Nf6 5. h3 c6 6. Nf3 Bf5 7. g4 Bg6 8. Bg2 e6 9. O-O Be7 10. Ne5 Nbd7 11. f4 O-O-O 12. Be3 Nd5 13. Nxd5 cxd5 14. Qd2 f6 15. Nf3 Be4 16. Rac1 Kb8 17. c4 Qa6 18. c5 Qxa2 19. Ra1 Qc4 20. Rfc1 Qd3 21. Qe1 Rc8 22. Rc3 Qb5 23. Qd2 h5 24. g5 fxg5 25. fxg5 Rhf8 26. Bf4+ Ka8 27. Rca3 a6 28. Ne5 Nxe5 29. Bxe5 Bxg2 30. Qxg2 Rf5 31. Qd2 Rcf8 32. Ra5 Qc4 33. R5a4 Rf1+ 34. Kh2 R8f2+ 35. Qxf2 Rxf2+ 36. Kg3 Qe2 37. Rxa6+ bxa6 38. Rxa6+ Kb7 39. Rb6+ Ka8 40. Rb8+ Ka7 41. c6 Qf3+ 42. Kh4 Qe4+ 43. Kxh5 Rf5 44. Kg6 Rxg5+ 45. Kf7 Qf5+ 46. Kxe7 1-0


[Site "https://www.chess.com"]

[Event "Titled Tuesday Blitz March 07 Late 2023"]
[White "Rizzo, Tobias"]
[Black "Romanchuk, Viktor"]
[WhiteFideId "30942691"]
[BlackFideId "14109271"]
[WhiteElo "2364"]
[BlackElo "2242"]
[Result "0-1"]
[Round "11"]
[TimeControl "180+2"]
[Date "2023.03.07"]
[WhiteClock "0:00:17"]
[BlackClock "0:01:27"]

1. d4 d5 2. Bf4 Nf6 3. e3 c5 4. Nc3 cxd4 5. exd4 a6 6. Nf3 Nc6 7. Be2 Bg4 8. O-O e6 9. Ne5 Bxe2 10. Nxe2 Bd6 11. Re1 O-O 12. c3 Qc7 13. Ng3 b5 14. Qd3 Rab8 15. Nxc6 Qxc6 16. Bxd6 Qxd6 17. a4 b4 18. c4 dxc4 19. Qxc4 Rfc8 20. Qd3 a5 21. Rac1 Qd5 22. Ne2 Qa2 23. Qa6 Rxc1 24. Rxc1 g6 25. Rc8+ Rxc8 26. Qxc8+ Kg7 27. Qc2 b3 28. Qc3 Nd5 29. Qd2 Qxa4 30. g3 Qc4 31. Kf1 a4 32. Ke1 Nb4 33. Nf4 Nc2+ 34. Kd1 Qf1+ 35. Qe1 Qxe1# 0-1